cohdb
Replays
Latest Replays
All Replays
Popular Replays
Top Player Replays
Match Explorer
How It Works
Community
CoH3 Stats
Reddit
Sign in to upload your games and track your stats! →
Sign in with Steam
Match 24800172
Unlisted
Match 24800172
Overview
Messages
Build Orders
End
Construct Section Command Post
Dingo Light Scout Car
Selects Air and Sea Battlegroup
Dingo Light Scout Car
Royal Engineer Section
Construct Platoon Command Post
Selects Supply Surplus
Construct Resource Cache
Construct Resource Cache
Construct Resource Cache
Unlock M3 Stuart Light Tanks
M3 Stuart Light Tank
M3 Stuart Light Tank
Selects Commando Section Paradrop
Selects Commando LMG Section Paradrop
Commando LMG Section Paradrop
M3 Stuart Light Tank
Commando Section Paradrop
VerySaltyCOHPlayer
HIMYNAMEISHO
Kylen
runningDuck
0
0
Comments
sign in to comment!
No comments posted yet!